 Dungeon Crawl Stone Soup version 0.23.2 (webtiles) character file.

Game seed: 14358253059487719615

24533 lysyklops the Blocker (level 12, -1/112 HPs)
             Began as a Minotaur Fighter on Apr 5, 2019.
             Was the Champion of the Shining One.
             Slain by a nine-headed hydra (11 damage)
             ... on level 3 of the Lair of Beasts.
             The game lasted 00:26:20 (14574 turns).

lysyklops the Blocker (Minotaur Fighter)           Turns: 14574, Time: 00:26:23

Health: -1/112     AC: 19    Str: 26    XL:     12   Next: 81%
Magic:  9/18       EV:  9    Int:  5    God:    the Shining One [******]
Gold:   867        SH: 22    Dex: 10    Spells: 11/11 levels left

rFire    + + .     SeeInvis .   v - +0 falchion (holy)
rCold    x . .     Gourm    +   c - +0 shield
rNeg     + + +     Faith    .   t - +6 chain mail "Xehomod" {+Inv rF+ rN+}
rPois    .         Spirit   .   (helmet restricted)
rElec    .         Reflect  .   (no cloak)
rCorr    .         Harm     .   g - +0 pair of gloves
MR       .....                  (no boots)
Stlth    ..........             H - amulet of the gourmand
HPRegen  0.28/turn              y - +3 ring of slaying
MPRegen  0.16/turn              i - ring of fire

@: divine shield, glowing
A: retaliatory headbutt, horns 2
a: Divine Shield, Cleansing Flame, Summon Divine Warrior, Brand Weapon With Holy
Wrath, Renounce Religion, Evoke Invisibility


You were on level 3 of the Lair of Beasts.
You worshipped the Shining One.
The Shining One was exalted by your worship.
You were not hungry.

You visited 2 branches of the dungeon, and saw 14 of its levels.
You also visited: Ossuary.

You collected 867 gold pieces.

Inventory:

Hand Weapons
 v - a +0 falchion of holy wrath (weapon)
Armour
 c - a +0 shield (worn)
 g - a +0 pair of gloves (worn)
 t - the +6 chain mail "Xehomod" (worn) {+Inv rF+ rN+}
   (You found it on level 2 of the Lair of Beasts)

   It protects you from fire.
   It protects you from negative energy.
   It lets you turn invisible.
Jewellery
 b - an uncursed ring of protection from magic {unknown}
 i - a ring of fire (right hand)
 q - a +4 ring of intelligence
 y - a +3 ring of slaying (left hand)
 H - an amulet of the gourmand (around neck)
 O - an uncursed ring of stealth {unknown}
Wands
 s - a wand of paralysis (9)
 u - a wand of acid (5)
 x - a wand of disintegration (12)
 F - a wand of enslavement (25)
 N - a wand of polymorph (9)
Scrolls
 a - a scroll of fog
 e - 9 scrolls of remove curse
 k - 5 scrolls of immolation {unknown}
 l - 2 scrolls of noise {unknown}
 m - 2 scrolls of enchant armour
 n - a scroll of blinking
 C - a scroll of vulnerability
 D - a scroll of summoning
 G - 4 scrolls of amnesia
 I - 2 scrolls of random uselessness {unknown}
 J - a scroll of holy word
 M - a scroll of identify
 P - a scroll of teleportation {unknown}
Potions
 d - 2 potions of might
 h - 9 potions of curing
 j - 3 potions of flight
 o - 2 potions of degeneration
 p - a potion of mutation
 r - a potion of magic
 w - 2 potions of berserk rage
 z - 3 potions of brilliance
 A - 5 potions of heal wounds
 B - 2 potions of invisibility
 E - 2 potions of agility
 K - 2 potions of lignification
 L - a potion of haste
Comestibles
 f - 15 rations


   Skills:
 + Level 12.0 Fighting
 + Level 12.1 Long Blades
 + Level 12.0 Armour
 - Level 2.2 Dodging
 - Level 0.5 Stealth
 + Level 12.1 Shields
 + Level 9.3 Invocations


You had 11 spell levels left.
You didn't know any spells.
Your spell library contained the following spells:

 Spells                   Type           Power        Failure   Level  Hunger
 Animate Skeleton         Necr           N/A          98%         1    ##.....
 Confusing Touch          Hex            #.....       98%         1    ##.....
 Corona                   Hex            #......      98%         1    ##.....
 Flame Tongue             Conj/Fire      #....        98%         1    ##.....
 Magic Dart               Conj           #...         98%         1    ##.....
 Pain                     Necr           #...         98%         1    ##.....
 Summon Small Mammal      Summ           #...         98%         1    ##.....
 Blink                    Tloc           N/A          99%         2    ###....
 Call Imp                 Summ           #.......     99%         2    ###....
 Ensorcelled Hibernation  Hex/Ice        #.....       99%         2    ###....
 Slow                     Hex            #.......     99%         2    ###....
 Throw Flame              Conj/Fire      #.....       99%         2    ###....
 Call Canine Familiar     Summ           #.......     100%        3    ####...
 Confuse                  Hex            #.......     100%        3    ####...
 Conjure Flame            Conj/Fire      #.......     100%        3    ####...
 Dazzling Spray           Conj/Hex       #.....       100%        3    ####...
 Gell's Gravitas          Tloc           #.........   100%        3    ####...
 Inner Flame              Hex/Fire       #.......     100%        3    ####...
 Mephitic Cloud           Conj/Pois/Air  #.......     100%        3    ####...
 Regeneration             Chrm/Necr      #.........   100%        3    ####...
 Summon Guardian Golem    Hex/Summ       #.......     100%        3    ####...
 Tukima's Dance           Hex            #.......     100%        3    ####...
 Vampiric Draining        Necr           #.........   100%        3    ####...
 Animate Dead             Necr           N/A          100%        4    #####..
 Petrify                  Tmut/Erth      #.......     100%        4    #####..
 Sticky Flame             Conj/Fire      #.......     100%        4    #####..
 Summon Ice Beast         Ice/Summ       #.......     100%        4    #####..
 Summon Lightning Spire   Summ/Air       #.......     100%        4    #####..
 Fireball                 Conj/Fire      #.........   100%        5    ######.
 Metabolic Englaciation   Hex/Ice        #.........   100%        5    ######.
 Yara's Violent Unravell  Hex/Tmut       #.........   100%        5    ######.


Dungeon Overview and Level Annotations

Branches:
Dungeon (11/15)            Temple (0/1) D:6            Lair (3/6) D:8
 Shoals (0/4) Lair:2       Spider (0/4) Lair:3          Orc (0/2) D:11

Altars:
Cheibriados
Nemelex Xobeh
Qazlal
Trog
Uskayaw
Yredelemnul
Zin
The Shining One

Shops:
D:7 [   D:10 =

Portals:
Trove: D:10 (give 7 potions of agility)

Annotations:
D:8 3 runed translucent doors, Curus's ghost, novice MiAK
Lair:3 3 runed translucent doors, Killmatronix's ghost, journeyman VSCK


Innate Abilities, Weirdness & Mutations

You reflexively headbutt those who attack you in melee.
You have a pair of horns on your head.


Message History

The nine-headed hydra barely misses you.
You block the nine-headed hydra's attack.
The nine-headed hydra bites you but does no damage. x2
The nine-headed hydra bites you.
* * * LOW HITPOINT WARNING * * *
Your daeva calls down the wrath of the Shining One upon the nine-headed hydra.
The nine-headed hydra is smitten.
Your daeva calls down the wrath of the Shining One upon the nine-headed hydra.
The nine-headed hydra is smitten.
You block the nine-headed hydra's attack.
The nine-headed hydra bites you but does no damage. x3
You block the nine-headed hydra's attack.
The nine-headed hydra bites you!
* * * LOW HITPOINT WARNING * * *
The nine-headed hydra bites you!
* * * LOW HITPOINT WARNING * * *
The nine-headed hydra bites you.
* * * LOW HITPOINT WARNING * * *
The nine-headed hydra bites you!
You die...

♣..P♣..P≈≈≈≈P.'....#....##
##
♣.†.♣..♣......†....#.....#
#.
P...♣.........#....#....##
#.
≈≈..♣....⌠....#...♣#....#
##
≈≈....♣.......†..♣♣♣....#
##
≈≈≈.....PPP♣.....♣♣♣....##
#.
≈≈≈≈≈≈≈.......PP..♣#.....#
##
8≈≈≈#≈≈P.....PPPP..#.....#
#
#########♣♣#####@.##....##
## ≈≈≈≈≈P♣ ♣♣♣PD..P#....#
#.
.≈≈≈...♣♣♣P.....♣#....##
##
..........AP.♣♣P♣#.<...# #
P......PP♣♣♣♣♣♣♣♣#....## #
############ ♣####.....#
## ......# ♣#..<.....P# #.
......### #..>......## #.
###.....# #.........## #.


You could see a nine-headed hydra and a friendly daeva.

Vanquished Creatures
  Josephine (D:11)
  Harold (D:11)
  A catoblepas (Lair:3)
  A two-headed ogre (D:5)
  An orb spider (Lair:3)
  3 merfolk sirens (Lair:2)
  6 elephants (Lair:3)
  4 spiny frogs
  A rime drake (Lair:3)
  5 komodo dragons
  A troll (D:10)
  A merfolk (Lair:2)
  4 hornets
  3 blink frogs (Lair:2)
  5 hippogriffs
  Sigmund (D:4)
  5 wraiths (D:11)
  13 yaks
  3 wyverns
  2 steam dragons
  2 hungry ghosts (D:8)
  A warg (D:11)
  6 water moccasins
  5 porcupines
  2 ice beasts (D:10)
  A necrophage (D:8)
  3 orc warriors
  3 black bears
  3 sky beasts
  A phantom (D:10)
  8 ogres
  4 centaurs
  4 crocodiles
  An elf zombie (Ossuary)
  2 big kobolds (D:8)
  11 bullfrogs
  A wyvern zombie (D:10)
  A wyvern skeleton (D:10)
  A water moccasin zombie (D:8)
  7 scorpions
  A water moccasin skeleton (D:10)
  20 killer bees
  12 wights
  5 centaur zombies
  4 crimson imps
  3 bullfrog zombies
  10 orc priests
  2 centaur skeletons
  4 human zombies (Ossuary)
  6 hounds
  11 orc wizards
  3 iguanas
  A bullfrog skeleton (D:6)
  Ijyb (D:4)
  Terence (D:3)
  8 worker ants
  A killer bee zombie (D:9)
  A hound skeleton (D:10)
  5 mummies
  6 gnolls
  17 adders
  2 shadow imps
  2 oozes
  3 adder zombies (Ossuary)
  An adder skeleton (D:4)
  3 worms
  A dart slug (D:3)
  10 leopard geckos
  32 orcs
  2 ball pythons (D:5)
  4 giant cockroaches
  A gnoll zombie (Ossuary)
  7 goblins
  4 hobgoblins
  8 jackals
  5 quokkas
  6 bats
  3 frilled lizards
  4 goblin zombies (Ossuary)
  5 hobgoblin zombies (Ossuary)
  A jackal skeleton (D:7)
  A jackal zombie (Ossuary)
  11 kobolds
  5 kobold zombies (Ossuary)
  2 leopard gecko skeletons
  A leopard gecko zombie (D:9)
  An orc zombie (Ossuary)
  A quokka skeleton (D:4)
  5 quokka zombies
  6 rats
  3 rat zombies (Ossuary)
391 creatures vanquished.

Vanquished Creatures (others)
  2 fungi (D:8)
  2 plants (D:8)
4 creatures vanquished.

Grand Total: 395 creatures vanquished

Notes
Turn   | Place    | Note
-------+----------+-------------------------------------------
     0 | D:1      | lysyklops the Minotaur Fighter began the quest for the Orb.
     0 | D:1      | Reached XP level 1. HP: 19/19 MP: 0/0
    80 | D:1      | Reached XP level 2. HP: 27/27 MP: 1/1
   494 | D:1      | You fall through a shaft!
   499 | D:2      | Reached XP level 3. HP: 26/33 MP: 2/2
   810 | D:2      | Reached XP level 4. HP: 38/40 MP: 3/3
  1308 | D:2      | Reached skill level 1 in Dodging
  1809 | D:3      | Found a faded altar of an unknown god.
  1934 | D:3      | Noticed a bullfrog
  1943 | D:3      | Killed a bullfrog
  1943 | D:3      | Reached skill level 5 in Shields
  1943 | D:3      | Reached XP level 5. HP: 45/47 MP: 4/4
  1977 | D:3      | Found a bloodstained altar of Trog.
  1998 | D:3      | Noticed Terence
  2002 | D:3      | Killed Terence
  2140 | D:3      | Found a glowing golden altar of the Shining One.
  2147 | D:3      | Became a worshipper of the Shining One
  2152 | D:3      | Found a stormy altar of Qazlal.
  2157 | D:3      | Found a sparkling altar of Nemelex Xobeh.
  2325 | D:3      | Found a glowing silver altar of Zin.
  2465 | D:3      | Reached skill level 5 in Armour
  2465 | D:3      | Reached XP level 6. HP: 47/53 MP: 5/5
  2684 | D:4      | Found a sand-covered staircase.
  2690 | Ossuary  | Entered an ossuary
  2819 | Ossuary  | Reached * piety under the Shining One
  2998 | Ossuary  | Reached ** piety under the Shining One
  3011 | Ossuary  | Reached skill level 5 in Long Blades
  3016 | Ossuary  | Reached skill level 5 in Fighting
  3036 | Ossuary  | Reached XP level 7. HP: 61/61 MP: 6/6
  3145 | Ossuary  | Reached *** piety under the Shining One
  3157 | Ossuary  | Reached skill level 1 in Invocations
  3278 | D:4      | Noticed Ijyb
  3285 | D:4      | HP: 2/61 [acid (17)]
  3286 | D:4      | Killed Ijyb
  4010 | D:4      | You fall through a shaft for 2 floors!
  4036 | D:6      | Reached XP level 8. HP: 64/70 MP: 8/8
  4275 | D:6      | Found a staircase to the Ecumenical Temple.
  4290 | D:5      | Entered Level 5 of the Dungeon
  4294 | D:5      | Noticed a two-headed ogre
  4307 | D:5      | Killed a two-headed ogre
  4307 | D:5      | Reached XP level 9. HP: 33/79 MP: 6/11
  5003 | D:5      | Reached **** piety under the Shining One
  5010 | D:5      | Found a hide-covered altar of Uskayaw.
  5013 | D:5      | Noticed a +0 hand axe
  5014 | D:5      | Noticed a +0 hand axe
  5742 | D:4      | Noticed Sigmund
  5758 | D:4      | Killed Sigmund
  5964 | D:6      | Found a sparkling altar of Nemelex Xobeh.
  6007 | D:6      | Reached skill level 5 in Invocations
  6025 | D:6      | Paralysed by a hornet for 3 turns
  7004 | D:7      | Reached XP level 10. HP: 85/90 MP: 13/13
  7080 | D:7      | Found a glowing golden altar of the Shining One.
  7448 | D:7      | Found a snail-covered altar of Cheibriados.
  7565 | D:7      | Found Anokhoas's Armour Shoppe.
  7779 | D:8      | Found a staircase to the Lair.
  7781 | D:8      | Reached ***** piety under the Shining One
  8199 | D:8      | Found a runed translucent gate.
  8199 | D:8      | Found a runed translucent gate.
  8200 | D:8      | Found a runed translucent gate.
  8230 | D:8      | Identified the +0 dagger "Taoxzori" {venom, +Rage}
  8231 | D:8      | Noticed Curus's ghost (novice MiAK)
  8373 | D:8      | Found a basalt altar of Yredelemnul.
  9157 | D:10     | Entered Level 10 of the Dungeon
  9397 | D:10     | Reached XP level 11. HP: 97/99 MP: 15/15
  9563 | D:10     | Reached skill level 10 in Shields
  9569 | D:10     | Reached skill level 10 in Long Blades
  9578 | D:10     | Reached skill level 10 in Armour
  9640 | D:10     | Found Cegudej's Jewellery Shop.
  9760 | D:10     | Found a portal to a secret trove of treasure.
 10061 | D:11     | Reached skill level 10 in Fighting
 10213 | D:11     | Found a staircase to the Orcish Mines.
 10240 | D:11     | Noticed Josephine
 10250 | D:11     | Killed Josephine
 10267 | D:11     | Reached ****** piety under the Shining One
 10377 | D:11     | Noticed Harold
 10401 | D:11     | Killed Harold
 10960 | Lair:1   | Entered Level 1 of the Lair of Beasts
 12216 | D:11     | Identified a scroll of acquirement
 12224 | D:11     | Got a translucent hunting sling
 12225 | D:11     | Identified the +9 hunting sling of Reason {flame, Fragile
                  | rElec Str+4 Dex+3} (You acquired it on level 11 of the
                  | Dungeon)
 12395 | Lair:2   | Got a pitted chain mail
 12406 | Lair:2   | Identified the +6 chain mail "Xehomod" {+Inv rF+ rN+} (You
                  | found it on level 2 of the Lair of Beasts)
 12431 | Lair:2   | Reached XP level 12. HP: 106/108 MP: 17/17
 12785 | Lair:2   | Found a staircase to the Shoals.
 13553 | Lair:3   | Noticed Killmatronix's ghost (journeyman VSCK)
 13575 | Lair:3   | Found a runed translucent gate.
 13575 | Lair:3   | Found a runed translucent gate.
 13575 | Lair:3   | Found a runed translucent gate.
 13580 | Lair:3   | Noticed a catoblepas
 13602 | Lair:3   | Killed a catoblepas
 13748 | Lair:3   | Found a hole to the Spider Nest.
 14558 | Lair:3   | Noticed a seven-headed hydra
 14574 | Lair:3   | Slain by a nine-headed hydra

Skill      XL: |  1  2  3  4  5  6  7  8  9 10 11 12 |
---------------+-------------------------------------+-----
Fighting       | 4 5 7 8 9 10 12 | 12.0
Shields        | 4 5 6 7 8 9 11 12 | 12.1
Armour         | 4 5 6 7 8 9 11 12 | 12.0
Long Blades    | 3 4 5 6 7 8 9 11 12 | 12.1
Dodging        | 1 2 |  2.2
Invocations    | 2 4 5 6 8 9 |  9.3
Stealth        | |  0.5

Action                   |  1- 3 |  4- 6 |  7- 9 | 10-12 || total
-------------------------+-------+-------+-------+-------++-------
Melee: Long sword        |    62 |   209 |    96 |       ||   367
       Headbutt          |    11 |    34 |    68 |   211 ||   324
       Falchion          |       |       |   199 |   815 ||  1014
Invok: Divine Shield     |       |       |     1 |     1 ||     2
       Summon Divine War |       |       |       |     1 ||     1
  Use: Potion            |       |       |     4 |       ||     4
       Scroll            |       |       |       |    21 ||    21
  Eat: Chunk             |       |     3 |    10 |    27 ||    40
       Ration            |       |     1 |     1 |     1 ||     3
Armor: Scale mail        |    29 |   113 |    74 |   130 ||   346
       Chain mail        |       |       |       |   116 ||   116
       Plate armour      |       |       |       |     1 ||     1
Dodge: Dodged            |    20 |    86 |    92 |   193 ||   391
Block: Shield            |    28 |   111 |   145 |   426 ||   710
       Rpst.: Long sword |     6 |    26 |     3 |       ||    35
       Falchion          |       |       |    16 |    49 ||    65
